 Dungeon Crawl Stone Soup version 0.31-a0-175-g9f7f995f2b (webtiles) character file.

Game seed: 15958118791601561906

1985 Anon1729 the Trooper (level 9, 0/79 HPs)
             Began as a Minotaur Monk on June 16, 2023.
             Slain by an orc warrior
             ... wielding a +0 mace
              (5 damage)
             ... on level 7 of the Dungeon.
             The game lasted 00:03:14 (5857 turns).

Anon1729 the Trooper (Minotaur Monk)                Turns: 5857, Time: 00:03:15

Health: 0/79       AC:  7    Str: 15    XL:     9   Next: 1%
Magic:  11/11      EV: 16    Int:  7    God:
Gold:   187        SH:  0    Dex: 18    Spells: 8/8 levels left

rFire   . . .        o - +1 long sword (holy)
rCold   . . .        d - orb {light}
rNeg    . . .        b - +0 robe
rPois   .            (helmet restricted)
rElec   .            (no cloak)
rCorr   .            m - +0 pair of gloves
SInv    .            (no boots)
Will    .....        (no amulet)
Stlth   +            j - +4 ring of protection
HPRegen 0.33/turn    (no ring)
MPRegen 0.12/turn

%: no passive effects
@: glowing
A: horns 2, retaliatory headbutt
a: no special abilities


You were on level 7 of the Dungeon.
You visited 1 branch of the dungeon, and saw 7 of its levels.

You collected 187 gold pieces.

Inventory:

Hand Weapons
 a - a +0 short sword
 o - a +1 long sword of holy wrath (weapon)
Armour
 b - a +0 robe (worn)
 d - an orb of light (worn)
 m - a +0 pair of gloves (worn)
Jewellery
 j - a +4 ring of protection (left hand)
 p - a ring of wizardry
 u - a ring of willpower
Scrolls
 g - 6 scrolls of identify {unknown}
 i - a scroll of enchant weapon {unknown}
 l - 4 scrolls of fog {unknown}
 n - 4 scrolls of teleportation {unknown}
 q - a scroll of amnesia {unknown}
 r - a scroll of enchant armour {unknown}
 v - a scroll of noise {unknown}
 y - a scroll of poison {unknown}
 A - a scroll of brand weapon {unknown}
Potions
 c - a potion of ambrosia
 e - a potion of lignification
 f - a potion of berserk rage {unknown}
 h - a potion of brilliance {unknown}
 k - 2 potions of curing
 s - a potion of cancellation {unknown}
 t - 2 potions of might {unknown}
 w - a potion of haste {unknown}
 x - 2 potions of heal wounds {unknown}
 z - a potion of magic {unknown}


   Skills:
 + Level 7.3 Fighting
 + Level 6.6 Short Blades
 + Level 6.0 Armour
 + Level 6.6 Dodging
 + Level 5.0 Invocations


You had 8 spell levels left.
You didn't know any spells.
Your spell library contained the following spells:

 Spells                   Type           Power      Damage    Failure   Level
 Summon Forest            Summ/Tloc      0%         N/A       100%        5
 Eringya's Noxious Bog    Tmut/Pois      0%         N/A       100%        6
 Summon Hydra             Summ           0%         N/A       100%        7


Dungeon Overview and Level Annotations

Branches:
Dungeon (7/15)
 Temple: D:4-7

Altars:
Ashenzari
Elyvilon
Gozag
Kikubaaqudgha
Sif Muna
Yredelemnul
Zin

Shops:
D:3 ([

Annotations:
D:4 2 transporters, Menkaure
D:5 1 runed translucent door, Takeo's ghost, novice HOMo


Innate Abilities, Weirdness & Mutations

You have a pair of horns on your head.
You reflexively headbutt those who attack you in melee.


Message History

The orc warrior is heavily wounded.
The orc warrior hits you with a +0 mace!
You are too injured to fight recklessly!
You are too injured to fight recklessly!
You are too injured to fight recklessly!
You are too injured to fight recklessly!
You are too injured to fight recklessly!
You are too injured to fight recklessly!
You barely miss the orc wizard. The orc warrior barely misses you.
The orc wizard misses you. You furiously retaliate!
You headbutt the orc wizard! You barely miss the orc wizard.
You headbutt the orc wizard.
The orc wizard is almost dead.
The orc warrior hits you with a +0 mace!
* * * LOW HITPOINT WARNING * * *
The orc wizard casts a spell.
The orc wizard flickers and vanishes for a moment.
You barely miss the orc wizard. You headbutt the orc wizard.
You kill the orc wizard!
The orc warrior hits you with a +0 mace!
* * * LOW HITPOINT WARNING * * *
The orc warrior hits you with a +0 mace!
* * * LOW HITPOINT WARNING * * *
You aren't carrying any items that you can evoke.
It was a potion of curing.
You feel better. The orc warrior misses you. You furiously retaliate!
You headbutt the orc warrior.
You hit the orc warrior but do no damage.
The orc warrior is heavily wounded.
The orc warrior misses you. You furiously retaliate!
You headbutt the orc warrior. You slash the orc warrior!
The orc warrior is almost dead.
The orc warrior hits you with a +0 mace!
* * * LOW HITPOINT WARNING * * *
Sorry, you're not good enough to have a special ability.
You aren't carrying any items that you can evoke.
You hit the orc warrior but do no damage.
The orc warrior is almost dead.
The orc warrior hits you with a +0 mace.
You die...

...............
...............
...............
................
.................
..................
..........o)......
..........@)......
...........†......
..................
................#.
................._
.......<........#.
..................
..................
..................


You could see an orc warrior.

Vanquished Creatures
  A steam dragon (D:5)
  A water moccasin (D:6)
  An orc warrior (D:6)
  2 black bears
  An ice beast (D:6)
  A sky beast (D:6)
  3 ogres
  A centaur (D:4)
  A phantom (D:4)
  A scorpion (D:4)
  3 bullfrogs
  A howler monkey (D:6)
  3 jellies
  An orc priest (D:6)
  3 hounds
  4 orc wizards
  2 iguanas
  Terence (D:3)
  3 gnolls (D:4)
  6 adders
  A shadow imp (D:6)
  A white imp (D:5)
  An ufetubus (D:4)
  4 worms
  3 dart slugs
  17 orcs
  6 ball pythons
  3 endoplasms
  3 giant cockroaches
  6 goblins
  2 hobgoblins (D:4)
  4 jackals (D:1)
  2 quokkas
  4 bats
  3 frilled lizards
  3 kobolds
  2 rats
105 creatures vanquished.

Notes
Turn   | Place    | Note
-------+----------+-------------------------------------------
     0 | D:1      | Anon1729 the Minotaur Monk began the quest for the Orb.
     0 | D:1      | Reached XP level 1. HP: 19/19 MP: 0/0
   284 | D:1      | Reached XP level 2. HP: 22/27 MP: 1/1
  1013 | D:2      | Reached skill level 1 in Armour
  1304 | D:2      | Reached skill level 4 in Fighting
  1304 | D:2      | Reached skill level 1 in Invocations
  1304 | D:2      | Reached XP level 3. HP: 33/33 MP: 2/2
  1699 | D:3      | Found a white marble altar of Elyvilon.
  1781 | D:3      | Noticed Terence
  1805 | D:3      | Killed Terence
  1806 | D:3      | Reached XP level 4. HP: 18/40 MP: 2/4
  1925 | D:3      | Found Nuni's Antique Weapon Shoppe.
  1936 | D:3      | Found Butil's Armour Shop.
  2258 | D:4      | Noticed an ogre
  2267 | D:4      | Killed an ogre
  2268 | D:4      | Reached XP level 5. HP: 22/47 MP: 5/5
  2391 | D:4      | Noticed a phantom
  2401 | D:4      | Killed a phantom
  2402 | D:4      | Reached XP level 6. HP: 42/55 MP: 6/6
  2450 | D:4      | Found a glowing silver altar of Zin.
  2475 | D:4      | Found a transporter.
  2476 | D:4      | Found a basalt altar of Yredelemnul.
  2480 | D:4      | Noticed Menkaure
  2514 | D:4      | Found an ancient bone altar of Kikubaaqudgha.
  2514 | D:4      | Found a transporter.
  2533 | D:4      | Reached skill level 5 in Fighting
  3199 | D:4      | Reached skill level 5 in Short Blades
  3199 | D:4      | Reached skill level 5 in Dodging
  3199 | D:4      | Reached XP level 7. HP: 25/61 MP: 8/8
  3349 | D:4      | Found an opulent altar of Gozag.
  3846 | D:5      | Entered Level 5 of the Dungeon
  4132 | D:5      | Noticed a steam dragon
  4143 | D:5      | HP: 3/62 [steam dragon (5)]
  4145 | D:5      | Killed a steam dragon
  4387 | D:5      | Found a runed translucent door.
  4475 | D:5      | Reached skill level 6 in Fighting
  4501 | D:5      | Identified the +4 spear of the Abyss {heavy, *Rage rElec
                  | rC+ Stlth+}
  4544 | D:5      | Found a shimmering blue altar of Sif Muna.
  4654 | D:5      | Reached XP level 8. HP: 65/70 MP: 9/9
  4743 | D:5      | Noticed Takeo's ghost (novice HOMo)
  4939 | D:6      | Reached skill level 5 in Armour
  5411 | D:6      | Reached skill level 7 in Fighting
  5836 | D:7      | Found a broken altar of Ashenzari.
  5841 | D:7      | Reached skill level 5 in Invocations
  5841 | D:7      | Reached XP level 9. HP: 79/79 MP: 11/11
  5857 | D:7      | Slain by an orc warrior

Illustrated notes

Levels and vault maps discovered:
D:1:      dpeg_arrival_ternary, layout_loops_ring
D:2:      layout_loops_ring
D:3:      layout_rooms, mainiacjoe_overflow_paths, serial_shops, shop,
          nicolae_shop_dealshenge, uniq_terence
D:4:      layout_layer_cave, mainiacjoe_overflow_cross_hatched,
          grunt_gozag_statues, gammafunk_temple_of_torment, dk_rats_in_the_wall
D:5:      layout_loops_ring, mainiacjoe_overflow_small_starburst,
          ebering_ghost_sewer_d
D:6:      layout_basic, kennysheep_dice
D:7:      layout_layer_cave, ashenzari_altar_1, temple_hall,
          kennysheep_decorative_pillar

Skill      XL: |  1  2  3  4  5  6  7  8 |
---------------+-------------------------+-----
Armour         | 1 2 3 4 6 |  6.0
Fighting       | 4 5 6 7 |  7.3
Invocations    | 1 2 3 5 |  5.0
Short Blades   | 4 5 6 |  6.6
Dodging        | 4 5 6 |  6.6

Action                     |  1- 3 |  4- 6 |  7- 9 || total
---------------------------+-------+-------+-------++-------
  Melee: Short sword       |    83 |    98 |       ||   181
         Headbutt          |    23 |    29 |    35 ||    87
         Long sword        |       |    11 |   135 ||   146
    Use: Potion            |     1 |       |     1 ||     2
 Armour: Robe              |     7 |    29 |    49 ||    85
         Skin              |     5 |       |       ||     5
  Dodge: Dodged            |    35 |    72 |   112 ||   219

Table legend: (Time is in decaauts)
 A = Elapsed time spent in this place.
 B = Non-inter-level travel time spent in this place.
 C = Inter-level travel time spent in this place.
 D = Time resting spent in this place.
 E = Time spent auto-exploring this place.
 F = Levels seen in this place.
 G = Mean time per level.
                   A        B        C        D        E       F      G
               +--------+--------+--------+--------+--------+-----+--------+
         Total |   5850 |   5625 |    225 |    421 |   4521 |   7 |  835.7 |
       Dungeon |   5850 |   5625 |    225 |    421 |   4521 |   7 |  835.7 |
               +--------+--------+--------+--------+--------+-----+--------+

Top non-repeatable levels by time:
     D:4: 1487 daAuts
     D:6: 1063 daAuts
     D:5: 945 daAuts
     D:1: 807 daAuts
     D:3: 767 daAuts
     D:2: 752 daAuts
     D:7: 27 daAuts
